 Dungeon Crawl Stone Soup version 0.27.1-33-g824d729ab1 (webtiles) character file.

Game seed: 11325392707887114504

11898 zeram the Impaler (level 11, -6/76 HPs)
             Began as a Merfolk Fighter on Dec 12, 2021.
             Was an Initiate of Gozag.
             Mangled by an ogre (29 damage)
             ... while paralysed by an ogre mage
             ... on level 1 of the Orcish Mines.
             The game lasted 00:22:40 (12268 turns).

zeram the Impaler (Merfolk Fighter)                Turns: 12268, Time: 00:22:40

Health: -6/76      AC: 11    Str: 19    XL:     11   Next: 84%
Magic:  11/11      EV:  2    Int: 10    God:    Gozag
Gold:   1454       SH:  0    Dex: 23    Spells: 6/10 levels left

rFire    . . .     SeeInvis .   v - +6 trident "Eheus" {freeze, rPois rC- Str-4 Dex+9}
rCold    x . .     Faith    .   c - +0 kite shield
rNeg     . . .     Spirit   .   u - +5 ring mail of the Special Beasts {Str+6}
rPois    +         Reflect  .   (no helmet)
rElec    .         Harm     .   (no cloak)
rCorr    .         Rampage  .   (no gloves)
Will     .....                  l - +0 pair of boots
Stlth    ++........             d - amulet of regeneration
HPRegen  1.22/turn              (no ring)
MPRegen  0.12/turn              (no ring)

@: paralysed
A: (nimble swimmer 2), mertail, camouflage 1
a: Renounce Religion, Potion Petition, Call Merchant, Bribe Branch


You were on level 1 of the Orcish Mines.
You worshipped Gozag.
Gozag was most pleased with you.
You visited 3 branches of the dungeon, and saw 13 of its levels.

You collected 1558 gold pieces.
You paid 104 gold pieces to Gozag.

Inventory:

Hand Weapons
 a - a +2 trident
 f - a +2 vorpal spear
 g - a +3 trident of venom
 n - a +0 trident of flaming
 s - a +0 mace of holy wrath
 v - the +6 trident "Eheus" (weapon) {freeze, rPois rC- Str-4 Dex+9}
   (You found it on level 11 of the Dungeon)

   It freezes those it strikes, dealing additional cold damage.
   It can also slow down cold-blooded creatures.
   Str:       It affects your strength (-4).
   Dex:       It affects your dexterity (+9).
   rC:        It makes you vulnerable to cold.
   rPois:     It protects you from poison.
Missiles
 q - 4 throwing nets (quivered)
Armour
 b - a +0 scale mail
 c - a +0 kite shield (worn)
 l - a +0 pair of boots (worn)
 m - a +2 chain mail of poison resistance
 t - +0 acid dragon scales
 u - the +5 ring mail of the Special Beasts (worn) {Str+6}
   (You found it on level 5 of the Dungeon)

   Str:       It affects your strength (+6).
 E - a +0 buckler
Jewellery
 d - an amulet of regeneration (around neck)
 H - a ring of magical power
 L - an amulet of reflection
Wands
 p - a wand of polymorph (9)
 r - a wand of iceblast (8)
 y - a wand of flame (38)
 D - a wand of paralysis (2)
 M - a wand of digging (5)
 O - a wand of charming (10)
Scrolls
 o - 5 scrolls of teleportation
 w - a scroll of summoning
 x - a scroll of enchant armour {unknown}
 B - a scroll of noise
 C - a scroll of fear
 F - a scroll of vulnerability {unknown}
 J - a scroll of acquirement {unknown}
Potions
 e - a potion of cancellation
 h - 5 potions of curing
 i - 5 potions of flight
 j - a potion of ambrosia
 k - a potion of degeneration
 z - 3 potions of invisibility
 A - 3 potions of heal wounds
 G - a potion of might
 I - 2 potions of brilliance
 K - a potion of lignification {unknown}
 N - a potion of attraction {unknown}


   Skills:
 - Level 3.8 Fighting
 + Level 16.3 Polearms
 - Level 2.5 Armour
 + Level 9.7 Dodging
 + Level 10.9 Shields
 * Level 5.1 Ice Magic


You had 6 spell levels left.
You knew the following spells:

 Your Spells              Type           Power      Damage    Failure   Level
a - Summon Ice Beast      Ice/Summ       5%         N/A       98%         4

Your spell library contained the following spells:

 Spells                   Type           Power      Damage    Failure   Level
 Frozen Ramparts          Ice            20%        1d4       38%         3
 Animate Skeleton         Necr           0%         N/A       73%         1
 Apportation              Tloc           0%         N/A       73%         1
 Beastly Appendage        Tmut           0%         N/A       73%         1
 Corona                   Hex            0%         N/A       73%         1
 Pain                     Necr           0%         1d4       73%         1
 Summon Small Mammal      Summ           0%         N/A       73%         1
 Corpse Rot               Necr/Air       N/A        N/A       86%         2
 Poisonous Vapours        Pois/Air       0%         N/A       86%         2
 Wereblood                Tmut           0%         N/A       86%         2
 Spider Form              Tmut/Pois      0%         N/A       97%         3
 Ice Form                 Ice/Tmut       5%         N/A       98%         4
 Animate Dead             Necr           0%         N/A       100%        4
 Passage of Golubria      Tloc           N/A        N/A       100%        4
 Borgnjor's Vile Clutch   Necr/Erth      0%         N/A       100%        5
 Freezing Cloud           Conj/Ice/Air   1%         6-21      100%        5
 Silence                  Hex/Air        0%         N/A       100%        5
 Death Channel            Necr           0%         N/A       100%        6
 Lehudib's Crystal Spear  Conj/Erth      0%         10d2      100%        8


Dungeon Overview and Level Annotations

Branches:
Dungeon (11/15)            Temple (1/1) D:5            Lair (0/6) D:9
    Orc (1/2) D:10

Altars:
Ashenzari
Cheibriados
Dithmenos
Elyvilon
Fedhas
Gozag
Hepliaklqana
Kikubaaqudgha
Makhleb
Nemelex Xobeh
Okawaru
Qazlal
Ru
Sif Muna
Trog
Uskayaw
Vehumet
Wu Jian
Xom
Yredelemnul
Zin
The Shining One

Annotations:
D:11 2 transporters, Duder's ghost, journeyman MiBe


Innate Abilities, Weirdness & Mutations

((You are quick and stealthy near water. (Stealth+, EV+, Speed+++)))
Your lower body shifts to a powerful aquatic tail in water.
Your skin changes colour to match your surroundings (Stealth+).


Message History

You barely miss the orc knight.
The orc knight is no longer distracted by gold.
The orc knight is heavily wounded.
You hit the orc knight but do no damage.
The orc knight is heavily wounded.
The orc knight hits you with a +3 dire flail!
You puncture the orc knight! You freeze the orc knight.
The orc knight is severely wounded.
You block the orc knight's attack.
You puncture the orc knight! You freeze the orc knight.
The orc knight is almost dead.
You puncture the orc knight! You freeze the orc knight.
You kill the orc knight!
You now have 1446 gold pieces (gained 8).
Things that are here:
a +3 dire flail; a +0 plate armour; a +0 giant club
Okay, then.
Things that are here:
a +0 giant spiked club; a +0 robe; a +0 dagger You now have 1454 gold pieces (gained 8).
Items here: ))) [.
Things that are here:
a +0 giant spiked club; a +0 robe; a +0 dagger
There is a staircase to the Orcish Mines, spattered with blood here.
You start resting.
HP restored.
You climb downwards.
Welcome back to the Orcish Mines!
You block the two-headed ogre's attack. x2
The ogre mage points at you and mumbles some strange words.
You suddenly lose the ability to move!
The two-headed ogre hits you with a +0 giant spiked club!
The two-headed ogre hits you with a +0 dire flail.
The two-headed ogre hits you with a +0 giant spiked club!
The two-headed ogre hits you with a +0 dire flail!
The ogre hits you with a +0 giant club!
The two-headed ogre hits you but does no damage.
The two-headed ogre hits you with a +0 dire flail.
The ogre hits you with a +0 giant club!!
You die...
Your body crumbles into a pile of gold.

#oO..## ##...###
###.....###.$....#
###... #O......#..###.
##.#... #....o.........
#......####$..#$..#....
#......##.o...#.#.....
#.....O)...........#
#...O....#..$..#####
#...#.@O####...## ##.
#...# ##.>.. #...#
....# ##.## .#... ###
#.. $


You could see a two-headed ogre, an ogre mage, an orc warrior, an ogre and an
orc.

Vanquished Creatures
  Harold (D:11)
  A two-headed ogre (D:11)
  Urug (D:10)
  An orc knight (D:10)
  Maggie (D:7)
  A komodo dragon (D:9)
  A hornet (D:7)
  A wyvern (D:8)
  2 humans (D:10)
  A vampire (D:11)
  A shadow (D:11)
  15 yaks
  2 basilisks (D:9)
  A steam dragon (D:9)
  A warg (Orc:1)
  An acid dragon (D:8)
  Duvessa (D:4)
  3 water moccasins
  3 orc warriors
  A black bear (D:6)
  A sky beast (D:7)
  A necrophage (D:7)
  7 ogres
  8 centaurs
  4 kobold brigands
  A phantom (D:6)
  3 bullfrogs
  3 gnoll sergeants
  2 scorpions
  A wyvern zombie (D:7)
  Dowan (D:4)
  7 killer bees
  3 wights (D:7)
  7 howler monkeys
  2 lava snakes (D:9)
  4 centaur zombies
  A hound (D:6)
  4 orc priests
  A bullfrog zombie (D:7)
  A bullfrog skeleton (D:6)
  A jelly (D:7)
  Jessica (D:3)
  Natasha (twice) (D:3)
  An iguana (D:5)
  6 orc wizards
  A killer bee zombie (D:8)
  2 hound skeletons (D:4)
  A howler monkey zombie (D:7)
  16 gnolls
  11 adders
  2 white imps (D:7)
  2 adder skeletons (D:4)
  2 dart slugs
  3 worms (D:2)
  28 orcs
  5 bats
  9 endoplasms
  2 giant cockroaches
  8 goblins
  3 hobgoblins
  18 jackals
  3 quokkas
  8 ball pythons
  7 frilled lizards
  20 kobolds
  2 rats
266 creatures vanquished.

Notes
Turn   | Place    | Note
-------+----------+-------------------------------------------
     0 | D:1      | zeram the Merfolk Fighter began the quest for the Orb.
     0 | D:1      | Reached XP level 1. HP: 18/18 MP: 1/1
   233 | D:1      | Reached XP level 2. HP: 21/25 MP: 2/2
   922 | D:1      | Reached XP level 3. HP: 28/30 MP: 3/3
  1526 | D:2      | Reached skill level 4 in Polearms
  1639 | D:2      | Reached XP level 4. HP: 37/37 MP: 4/4
  1997 | D:2      | Reached skill level 1 in Dodging
  2761 | D:2      | Reached skill level 5 in Polearms
  2899 | D:2      | Found a faded altar of an unknown god.
  3156 | D:3      | Noticed Jessica
  3167 | D:3      | Killed Jessica
  3168 | D:3      | Reached XP level 5. HP: 31/42 MP: 5/5
  3605 | D:3      | Found a shimmering altar of Xom.
  3718 | D:3      | Reached skill level 6 in Polearms
  4433 | D:3      | Noticed Natasha
  4455 | D:3      | Killed Natasha
  4540 | D:3      | Noticed Natasha
  4706 | D:3      | Reached XP level 6. HP: 48/48 MP: 6/6
  4775 | D:3      | Killed Natasha
  4949 | D:4      | Found a blossoming altar of Fedhas.
  5034 | D:4      | Reached skill level 7 in Polearms
  5164 | D:4      | Found a shimmering blue altar of Sif Muna.
  5164 | D:4      | Noticed Dowan
  5177 | D:4      | Killed Dowan
  5178 | D:4      | Reached XP level 7. HP: 52/53 MP: 7/7
  5184 | D:4      | Got Sif Muna's Reference Book on Black Arts
  5189 | D:4      | Found a bloodstained altar of Trog.
  5189 | D:4      | Noticed Duvessa
  5215 | D:4      | Killed Duvessa
  5216 | D:4      | Reached skill level 8 in Polearms
  5575 | D:5      | Entered Level 5 of the Dungeon
  5592 | D:4      | Reached skill level 9 in Polearms
  5592 | D:4      | Reached skill level 5 in Shields
  5790 | D:4      | Reached skill level 10 in Polearms
  5790 | D:4      | Reached XP level 8. HP: 33/60 MP: 8/8
  5911 | D:5      | Found a snail-covered altar of Cheibriados.
  5912 | D:5      | Found a basalt altar of Yredelemnul.
  5997 | D:5      | Identified the +5 ring mail of the Special Beasts {Str+6}
  6232 | D:6      | Reached skill level 11 in Polearms
  6444 | D:6      | Gained mutation: Your skin changes colour to match your
                  | surroundings (Stealth+). [potion of mutation]
  6568 | D:6      | Reached skill level 12 in Polearms
  6568 | D:6      | Reached XP level 9. HP: 61/65 MP: 9/9
  6944 | D:5      | Found a staircase to the Ecumenical Temple.
  7108 | D:7      | Found a glowing silver altar of Zin.
  7150 | D:7      | Noticed Maggie
  7325 | D:7      | Killed Maggie
  7326 | D:7      | Reached skill level 5 in Dodging
  7655 | Temple   | Entered the Ecumenical Temple
  7750 | Temple   | Became a worshipper of Gozag Ym Sagoz the Greedy
  7889 | D:7      | Reached skill level 13 in Polearms
  7896 | D:7      | Noticed a hornet
  7907 | D:7      | Killed a hornet
  8436 | D:8      | Reached XP level 10. HP: 71/71 MP: 10/10
  9014 | D:9      | Reached skill level 14 in Polearms
  9775 | D:9      | Reached skill level 1 in Ice Magic
  9804 | D:9      | Found a staircase to the Lair.
  9892 | D:10     | Entered Level 10 of the Dungeon
 10053 | D:10     | Reached skill level 15 in Polearms
 10126 | D:10     | Learned a level 4 spell: Summon Ice Beast
 10268 | D:10     | Found an iron altar of Okawaru.
 10322 | D:10     | Reached XP level 11. HP: 25/76 MP: 11/11
 10665 | D:10     | Found a staircase to the Orcish Mines.
 10825 | D:10     | Reached skill level 10 in Shields
 10912 | Orc:1    | Entered Level 1 of the Orcish Mines
 10932 | Orc:1    | Noticed Urug
 11344 | D:10     | Killed Urug
 11485 | D:11     | Noticed Harold
 11506 | D:11     | Killed Harold
 11569 | D:11     | Identified the +6 trident "Eheus" {freeze, rPois rC- Str-4
                  | Dex+9}
 11704 | D:11     | Noticed a two-headed ogre
 11708 | D:11     | Killed a two-headed ogre
 11709 | D:11     | Reached skill level 16 in Polearms
 11814 | D:11     | Noticed Duder's ghost (journeyman MiBe)
 11814 | D:11     | Noticed a deep troll earth mage
 11820 | D:11     | Found a transporter.
 11823 | D:11     | Found a transporter.
 12064 | D:11     | Noticed a mana viper
 12144 | D:11     | a mana viper changed into a yaktaur
 12191 | Orc:1    | Noticed an ogre mage
 12193 | Orc:1    | Noticed an orc knight
 12219 | D:10     | Reached skill level 5 in Ice Magic
 12229 | Orc:1    | Noticed a two-headed ogre
 12244 | D:10     | Killed an orc knight
 12265 | Orc:1    | Paralysed by an ogre mage for 5 turns
 12268 | Orc:1    | Mangled by an ogre

Illustrated notes

Levels and vault maps discovered:
D:1:      eino_arrival_cavern_d, layout_loops_ring, serial_aquarium,
          aquarium_bridge_straight [aquarium_subvault_bridge,
          aquarium_subvault_balcony, aquarium_subvault_bridge,
          aquarium_subvault_window], aquarium_window_fake, aquarium_window_fake,
          aquarium_view_2d, aquarium_view_2f, aquarium_pool_2,
          nrook_mini_backslash
D:2:      layout_basic, shapermc_ecumenical_altar_mp_vishouse, st_stairs_6
D:3:      layout_loops_ring, xom_teletrap_fun, chequers_mini_garden,
          uniq_natasha, uniq_jessica
D:4:      layout_rooms, nzn_overflow_gifts_of_might_and_magic, fedhas_altar_3,
          kennysheep_opposing_triangles
D:5:      layout_cave_pools, gammafunk_temple_overflow_statue,
          minmay_temple_entry_poolview, st_stairs_14, lightli_minifort,
          uniq_duvessa
D:6:      layout_gridville
D:7:      layout_basic, mainiacjoe_overflow_small_starburst,
          nicolae_ossuary_entry_ruins, uniq_maggie
D:8:      layout_basic
D:9:      layout_grid_maze, erik_lair_dragon, kennysheep_cluttered_room
D:10:     layout_irregular_city, okawaru_humans
D:11:     layout_loops_ring, gammafunk_ghost_arena, uniq_harold
Temple:   nicolae_temple_great_sept
Orc:1:    layout_diamond_mine, uniq_urug

Skill      XL: |  1  2  3  4  5  6  7  8  9 10 11 |
---------------+----------------------------------+-----
Polearms       | 4 5 6 7 10 12 13 15 16 | 16.3
Dodging        | 1 2 4 6 8 9 |  9.7
Shields        | 4 5 6 8 9 10 | 10.9
Ice Magic      | 2 5 |  5.1
Fighting       | |  3.8
Armour         | |  2.5

Action                   |  1- 3 |  4- 6 |  7- 9 | 10-12 || total
-------------------------+-------+-------+-------+-------++-------
Melee: Trident           |    97 |   258 |   356 |   535 ||  1246
       Spear             |       |       |    36 |       ||    36
Evoke: Wand              |       |       |       |     3 ||     3
  Use: Scroll            |       |     3 |     4 |     9 ||    16
       Potion            |       |     1 |     5 |     2 ||     8
 Stab: Sleeping          |       |       |     3 |     2 ||     5
       Distracted        |       |       |     2 |     1 ||     3
       Paralysed         |       |       |       |     7 ||     7
Armor: Scale mail        |    55 |    76 |       |       ||   131
       Chain mail        |       |       |    25 |       ||    25
       Ring mail         |       |       |    74 |    75 ||   149
Dodge: Dodged            |    31 |    61 |   103 |   141 ||   336
Block: Kite shield       |    67 |    92 |   196 |   182 ||   537
